cohdb
Replays
Latest Replays
All Replays
Popular Replays
Top Player Replays
Match Explorer
How It Works
Community
CoH3 Stats
Reddit
Sign in to upload your games and track your stats! →
Sign in with Steam
Chaotique game but fun to play
Match 9884411
Overview
Messages
Build Orders
End
Panzerpioneer Squad
250 Light Carrier
Selects Armored Suppot Battlegroup
Construct Light Support Kompanie
Assault Grenadier Squad
MG34 Team
Selects Superior Fire Drills
Combat Half-tracks
Fire Support Elements
Panzerjäger Mechanized Group
2.5-tonne Medical Truck
Selects Vehicle Awareness
Pak 38 Anti-tank Gun Team
Vehicle Survival Package
Selects Panzer Storm
le.IG 18 Mechanized Group
Construct Panzerarmee Kommand
Assault Grenadier Squad
Emergency Repair Kits
Panzer III L Medium Tank
Selects Stuka Anti-tank Loiter
Panzer III L Medium Tank
Pak 38 Mechanized Group
Panzerpioneer Squad
Selects Flammpanzer III Medium Tank Sd.Kfz. 141
Selects Battlefield Salvage
Tungsten Core Ammunition
Stuka Anti-tank Loiter
Panzer III L Medium Tank
Stuka Anti-tank Loiter
Assault Grenadier Squad
Rapid Advance
Stuka Anti-tank Loiter
tightrope
Esxile
0
0
Comments
sign in to comment!
No comments posted yet!